 Dungeon Crawl Stone Soup version 0.30-a0-358-g0d69a1922f (webtiles) character file.

Game seed: 10524105385706634818

73395 ytrimaz the Peltast (level 15, -2/108 HPs)
             Began as a Formicid Fighter on Nov 9, 2022.
             Was a High Priest of Hepliaklqana.
             Slain by a sun demon (17 damage)
             ... summoned by an orc high priest
             ... on level 1 of the Orcish Mines.
             The game lasted 00:31:51 (19046 turns).

ytrimaz the Peltast (Formicid Fighter)             Turns: 19046, Time: 00:31:51

Health: -2/108     AC: 27    Str: 22    XL:     15   Next: 90%
Magic:  26/26      EV:  7    Int:  8    God:    Hepliaklqana [*****.]
Gold:   1473       SH: 16    Dex: 23    Spells: 14/14 levels left

rFire   . . .      SeeInvis +    S - +3 scimitar (flame)
rCold   . . .      Faith    .    A - +1 kite shield "Eshacvoh" {Dex+4}
rNeg    . . .      Spirit   .    r - +0 plate armour
rPois   +          Reflect  .    (helmet unavailable)
rElec   .          Harm     .    o - +2 cloak
rCorr   .          Rampage  .    H - +0 pair of gloves
Will    +....                    d - +0 pair of boots
Stlth   ..........               j - amulet of regeneration
HPRegen 1.18/turn                k - +4 ring of protection
MPRegen 0.20/turn                Q - ring of poison resistance

@: studying Dodging
A: reduced essence, permanent stasis, dig shafts and tunnels, antennae 3, four
strong arms
a: Dig, Shaft Self, Renounce Religion, Recall Ancestor, Ancestor Identity,
Transference, Idealise


You were on level 1 of the Orcish Mines.
You worshipped Hepliaklqana.
Hepliaklqana was extremely pleased with you.
You visited 4 branches of the dungeon, and saw 22 of its levels.

You collected 1710 gold pieces.
You spent 237 gold pieces at shops.


Innate Abilities, Weirdness & Mutations

Your life essence is reduced to manifest your ancestor. (-10% HP)
You cannot be hasted, slowed, berserked, paralysed or teleported.
You can dig through walls and to a lower floor.
You have a pair of large antennae on your head. (SInv)
Your four strong arms can wield two-handed weapons with a shield.


   Skills:
 - Level 12.0 Fighting
 - Level 14.0 Long Blades
 + Level 14.2 Armour
 - Level 15.0 Shields
 + Level 15.0 Invocations


You had 14 spell levels left.
You didn't know any spells.
Your spell library contained the following spells:

 Spells                   Type           Power      Damage    Failure   Level
 Foxfire                  Conj/Fire      0%         2x1d4     100%        1
 Slow                     Hex            0%         N/A       100%        1
 Summon Small Mammal      Summ           0%         N/A       100%        1
 Sublimation of Blood     Necr           0%         N/A       100%        2
 Wereblood                Tmut           0%         N/A       100%        2
 Call Canine Familiar     Summ           0%         N/A       100%        3
 Gell's Gravitas          Tloc           0%         N/A       100%        3
 Hailstorm                Conj/Ice       0%         3d3       100%        3
 Inner Flame              Hex/Fire       0%         N/A       100%        3
 Summon Guardian Golem    Hex/Summ       0%         N/A       100%        3
 Teleport Other           Tloc           0%         N/A       100%        3
 Animate Armour           Summ/Erth      0%         N/A       100%        4
 Flame Wave               Conj/Fire      0%         2d4       100%        4
 Ice Form                 Ice/Tmut       0%         N/A       100%        4
 Passage of Golubria      Tloc           0%         N/A       100%        4
 Sticky Flame             Conj/Fire      0%         2d3       100%        4
 Blade Hands              Tmut           0%         N/A       100%        5
 Fireball                 Conj/Fire      0%         3d3       100%        5
 Iskenderun's Battlesphe  Conj           0%         2d6       100%        5
 Silence                  Hex/Air        0%         N/A       100%        5
 Dispersal                Tloc           0%         N/A       100%        6
 Iron Shot                Conj/Erth      0%         9d1       100%        6
 Simulacrum               Ice/Necr       0%         N/A       100%        6
 Starburst                Conj/Fire      0%         6d3       100%        6
 Spellforged Servitor     Conj/Summ      0%         N/A       100%        7
 Summon Hydra             Summ           0%         N/A       100%        7
 Discord                  Hex            0%         N/A       100%        8
 Lehudib's Crystal Spear  Conj/Erth      0%         10d2      100%        8

Inventory:

Hand Weapons
 x - a +0 great sword
   (You took it off a tengu warrior on level 15 of the Dungeon)
 G - a +2 long sword of holy wrath
   (You took it off a vault guard on level 14 of the Dungeon)
 R - a +0 falchion of holy wrath
   (You found it on level 11 of the Dungeon)
 S - a +3 scimitar of flaming (weapon)
   (You took it off an efreet on level 13 of the Dungeon)
Missiles
 b - a throwing net
 n - 9 boomerangs
 V - 2 poisoned darts
Armour
 c - a +0 buckler
 d - a +0 pair of boots (worn)
   (You found it on level 4 of the Dungeon)
 o - a +2 cloak (worn)
   (You found it on level 10 of the Dungeon)
 r - a +0 plate armour (worn)
   (You found it on level 4 of the Dungeon)
 A - the +1 kite shield "Eshacvoh" (worn) {Dex+4}
   (You bought it in a shop on level 7 of the Dungeon)

   Dex:       It affects your dexterity (+4).
 H - a +0 pair of gloves (worn)
   (You found it on level 11 of the Dungeon)
Jewellery
 j - an amulet of regeneration (around neck)
   (You found it on level 8 of the Dungeon)
 k - a +4 ring of protection (left hand)
   (You found it on level 1 of the Dungeon)
 m - an amulet of faith
   (You found it on level 3 of the Dungeon)
 v - a ring of magical power
   (You found it on level 6 of the Dungeon)
 C - a ring of positive energy
   (You found it on level 9 of the Dungeon)
 E - an amulet of reflection
   (You found it on level 10 of the Dungeon)
 M - an amulet of magic regeneration
   (You found it on level 3 of the Lair of Beasts)
 Q - a ring of poison resistance (right hand)
   (You found it on level 5 of the Lair of Beasts)
 W - a ring of protection from cold
   (You found it on level 14 of the Dungeon)
Wands
 e - a wand of flame (36) (quivered)
   (You found it on level 5 of the Dungeon)
 f - a wand of charming (18)
   (You took it off an orc on level 8 of the Dungeon)
 y - a wand of mindburst (15)
   (You found it on level 9 of the Dungeon)
 I - a wand of polymorph (8)
   (You found it on level 1 of the Lair of Beasts)
 J - a wand of roots (23)
   (You found it on level 1 of the Lair of Beasts)
 T - a wand of light (5)
   (You found it on level 14 of the Dungeon)
Scrolls
 a - 3 scrolls of amnesia
 p - 5 scrolls of enchant weapon
 z - a scroll of acquirement
 B - 2 scrolls of silence
 D - 7 scrolls of enchant armour
 L - 2 scrolls of fear
 N - a scroll of magic mapping
 P - 4 scrolls of identify
 U - a scroll of poison
Potions
 g - 2 potions of cancellation
 h - a potion of invisibility
 i - 3 potions of flight
 l - a potion of lignification
 q - 6 potions of curing
 s - 4 potions of mutation
 t - 3 potions of brilliance
 u - 5 potions of heal wounds
 w - 2 potions of attraction
 F - a potion of resistance
 K - 2 potions of ambrosia
 O - a potion of might
 X - a potion of magic

Dungeon Overview and Level Annotations

Branches:
Dungeon (15/15) Zot: 25899  Temple (1/1) D:7 Zot: 5979    Lair (5/5) D:10 Zot: 25478
 Shoals (0/4) Lair:2       Spider (0/4) Lair:2        Slime (0/5) Lair:4
    Orc (1/2) D:9 Zot: 5978  Vaults (0/5) D:14         Depths (0/4) D:15

Altars:
Ashenzari
Cheibriados
Dithmenos
Elyvilon
Fedhas
Gozag
Hepliaklqana
Kikubaaqudgha
Makhleb
Nemelex Xobeh
Okawaru
Qazlal
Ru
Sif Muna
Trog
Uskayaw
Vehumet
Wu Jian
Xom
Yredelemnul
Zin
The Shining One
Jiyva

Shops:
D:7 [

Annotations:
D:4 2 transporters, FizzleBangTC's ghost, amateur MeEE
D:5 1 runed translucent door, Bediveer's ghost, novice KoHu
D:7 1 runed translucent door, FizzleBangTC's ghost, amateur MeEE
D:12 3 runed translucent doors, ragingrage's ghost, journeyman DsWr

### ###
##..###.##
##....#.<(###
#.........#.##
#......).....##
#........#...#
##..........#.#
##..4ooR.......
#....@o4......#
#.$..O3o......#
..$....To......##
#.#........$.....
##.....o.........
##....o.....o.#.
###........>..
...........


You could see the friendly Shedsur the hexer, an orc high priest (ally target),
a two-headed ogre, a sun demon (summoned), an orange demon (summoned), an ice
devil (summoned), a troll, an orc warrior, 2 orc priests, an orc wizard and 3
orcs.


Message History

The orc high priest hits you but does no damage.
Shedsur hits the warg with a +0 dagger of draining.
You block the warg's attack.
The ice devil hits you but does no damage.
Shedsur points at the warg and mumbles some strange words.
The warg resists with some effort. 😕 HP[+1]
You hit the ice devil but do no damage. You block the orc high priest's attack.
The warg closely misses you. 😕 HP[+1]
You hit the ice devil but do no damage. You block the orange demon's attack.
You block the ice devil's attack.
Shedsur hits the warg with a +0 dagger of draining!
You block the warg's attack.
The orc high priest hits you but does no damage.
Shedsur hits the warg with a +0 dagger of draining!
The warg dies! 😕 HP[+1] Unknown command.
You hit the ice devil. You burn the ice devil.
You block the orange demon's attack. You block the ice devil's attack.
Shedsur points at the ice devil and mumbles some strange words.
The ice devil resists with almost no effort. 😕 HP[+1]
You barely miss the orc high priest.
The orc warrior hits you from afar with a +0 glaive!
The orc priest barely misses Shedsur.
A two-headed ogre comes into view. It is wielding two +0 giant clubs.
You block the orange demon's attack.
The ice devil completely misses Shedsur. 😕 HP[-9]
You take 9 damage, and now have 92/108 hp.
Unknown command.
A troll comes into view.
Found a stone staircase leading down.
The troll shouts!
You hear a shout!
Shedsur closely misses the ice devil.
You block the orc warrior's attack. The orc barely misses you.
The orc high priest hits you but does no damage.
An orc wizard comes into view. It is wielding a +0 dagger.
Shedsur hits the ice devil but does no damage.
The orange demon stings you but does no damage.
The orange demon barely misses you.
The ice devil closely misses Shedsur. 😕 HP[+2]
You regained 2 hp, and now have 94/108 hp.
The orc wizard shouts!
Shedsur hits the ice devil with a +0 dagger of draining!
An orc comes into view. It is wielding a +0 whip.
You block the orc's attack.
The orc high priest mumbles some strange prayers.
Shedsur hits the ice devil with a +0 dagger of draining.
The orange demon barely misses you.
The ice devil hits Shedsur!
The ice devil freezes Shedsur!
Shedsur resists. 😕 HP[+1]
You barely miss the orc high priest.
Shedsur hits the ice devil but does no damage.
The orc priest mumbles some strange prayers to Beogh against you.
Beogh smites you! You block the orc's attack.
You block the orc warrior's attack.
The orc high priest prays to Beogh.
An orc priest comes into view. It is wielding a +0 short sword.
Shedsur barely misses the ice devil. 😕 HP[-13]
You take 13 damage, and now have 82/108 hp.
Unknown command.
The orc priest shouts!
You slash the orc high priest! You burn the orc high priest.
The ice devil disappears in a puff of smoke!
The orange demon barely misses you. You block the orc high priest's attack.
You block the orc's attack. The orc warrior barely misses you.
An orc comes into view. It is wielding a +0 club.
You barely miss the orc high priest. You block the sun demon's attack.
The orange demon stings you from afar.
Shedsur hits the orc priest with a +0 dagger of draining.
Shedsur drains the orc priest. 😮 HP[-3]
You take 3 damage, and now have 79/108 hp.
You closely miss the orc high priest.
The sun demon hits you but does no damage.
The orc priest calls down the wrath of Beogh upon you.
Beogh smites you! You block the orc's attack.
The orc warrior closely misses you.
The orc high priest hits you but does no damage.
The two-headed ogre hits you with a +0 giant club.
You block the two-headed ogre's attack.
Shedsur hits the orc priest with a +0 dagger of draining.
The ice devil hits you!
* * * LOW HITPOINT WARNING * * *
The ice devil freezes you!!
* * * LOW HITPOINT WARNING * * *
The orange demon stings you but does no damage. 😨 HP[-49]
You take 49 damage, and now have 30/108 hp.
MASSIVE DAMAGE!! (PAUSE)
You closely miss the orc high priest.
Shedsur closely misses the orc priest.
The sun demon hits you!
* * * LOW HITPOINT WARNING * * *
You are engulfed in flames!
You die...

Skill      XL: |  1  2  3  4  5  6  7  8  9 10 11 12 13 14 15 |
---------------+----------------------------------------------+-----
Fighting       | 4 5 6 7 8 10 12 | 12.0
Long Blades    | 3 4 5 6 7 9 11 14 | 14.0
Shields        | 8 14 15 | 15.0
Invocations    | 8 12 15 | 15.0
Armour         | 8 11 14 | 14.2

Action                   |  1- 3 |  4- 6 |  7- 9 | 10-12 | 13-15 || total
-------------------------+-------+-------+-------+-------+-------++-------
Melee: Long sword        |    48 |   160 |   361 |   241 |       ||   810
       Scimitar          |       |       |       |   263 |  1016 ||  1279
Throw: Boomerang         |       |       |       |     2 |       ||     2
Invok: Ancestor Life: He |       |       |       |     1 |       ||     1
       Ancestor Identity |       |       |       |     1 |       ||     1
       Recall Ancestor   |       |       |       |     1 |     2 ||     3
 Abil: Shaft Self        |       |       |     1 |       |       ||     1
       Dig               |       |       |       |       |     1 ||     1
Evoke: Wand              |       |       |       |    12 |       ||    12
  Use: Potion            |     1 |     3 |     4 |     2 |     3 ||    13
       Scroll            |     6 |     7 |     4 |     8 |     6 ||    31
 Stab: Invisible         |       |     5 |     5 |       |       ||    10
       Distracted        |       |       |       |     5 |    17 ||    22
       Confused          |       |       |       |     5 |    20 ||    25
       Petrifying        |       |       |       |       |     1 ||     1
       Petrified         |       |       |       |       |     1 ||     1
       Paralysed         |       |       |       |       |    33 ||    33
Armor: Scale mail        |    24 |    66 |    54 |       |       ||   144
       Skin              |       |       |    15 |       |       ||    15
       Plate armour      |       |       |   154 |   202 |   439 ||   795
Dodge: Dodged            |    16 |    63 |   108 |    66 |   170 ||   423
Block: Buckler           |    17 |    48 |    79 |     5 |       ||   149
       Kite shield       |       |       |       |   233 |   727 ||   960

Levels and vault maps discovered:
D:1:      spicycebolla_green_bress_n_ham, layout_loops_ring
D:2:      layout_basic, minmay_quadrilaterals, uniq_jessica
D:3:      layout_loops_cross, lemuel_round_altar
D:4:      layout_loops_corners, gammafunk_ghost_stat_death, corexii_shack,
          moated_statue, minmay_fire_ice_demons, uniq_blork_the_orc, uniq_pikel,
          uniq_duvessa
D:5:      layout_rooms, gammafunk_ghost_grave
D:6:      layout_loops_cross, lemuel_round_altar, makhleb_grotto_becter,
          mainiacjoe_overflow_chevrons, mainiacjoe_overflow_boulevard,
          serial_co_window_serial, co_window_cross_1, co_window_corner_a,
          co_window_cross_1, co_window_paths_b, co_window_corner_a,
          co_window_corner_ca, co_window_of_opportunity_b,
          co_window_of_opportunity_b, co_window_broadway_c, co_window_corner_ca,
          co_window_of_opportunity_b, glass_columns_a, glass_columns_a,
          glass_columns_a, uniq_grinder
D:7:      layout_loops_cross, minmay_temple_entry_sparse_star,
          gammafunk_ghost_grave, serial_shops, nicolae_shop_advertising_works
          [nicolae_subvault_shop_adworks], chequers_decorated_corner
D:8:      layout_loops_ring
D:9:      layout_irregular_city, kennysheep_mini, orc_0_dummy
D:10:     layout_rooms, lemuel_round_altar, lair_entry_dummy
D:11:     layout_roguey
D:12:     layout_basic, gammafunk_ghost_ooze
D:13:     layout_irregular_city, minivault_1, amcnicky_mini_pool_small,
          nicolae_elyvilon_temple_path
D:14:     layout_roguey, grunt_vaults_entry_tiered, uniq_lodul
D:15:     hangedman_depths_entry_civil_slaughter, layout_basic,
          gauntlet_entry_generic, nicolae_uskayaw_suspiria
Temple:   hellmonk_temple_two_chambers
Lair:1:   layout_chaotic_city, minmay_holes, minivault_27
Lair:2:   layout_roguey, elwin_shoals_entry_stream,
          nicolae_spider_entry_orb_guardian, special_room [special_room_bee],
          uniq_gastronok
Lair:3:   gammafunk_lair_enchanted_lake, layout_hall_layers,
          infiniplex_staircase_pool
Lair:4:   layout_loops_ring, slime_entry_1, grunt_megastairs_1
Lair:5:   grunt_lair_end_beastmaster, layout_long_grid,
          kennysheep_abandoned_house, lemuel_fruit_fields
Orc:1:    layout_caves

Notes
Turn   | Place    | Note
-------+----------+-------------------------------------------
     0 | D:1      | ytrimaz the Formicid Fighter began the quest for the Orb.
     0 | D:1      | Reached XP level 1. HP: 18/18 MP: 1/1
     0 | D:1      | magus.rc [v1.9.6]
   181 | D:1      | Reached XP level 2. HP: 9/24 MP: 2/2
   184 | D:1      | HP: 6/24 [poisoned by a kobold]
   470 | D:1      | You add the spells Slow, Sticky Flame, Spellforged Servitor
                  | and Discord to your library.
   470 | D:1      | Got the Vademecum on Imprecation and Blasting
   924 | D:2      | Reached XP level 3. HP: 30/30 MP: 3/3
   991 | D:2      | Noticed Jessica
  1004 | D:2      | Killed Jessica
  1005 | D:2      | Reached skill level 4 in Fighting
  1005 | D:2      | Reached skill level 3 in Long Blades
  1098 | D:2      | Reached XP level 4. HP: 38/38 MP: 4/4
  2237 | D:3      | Reached XP level 5. HP: 43/43 MP: 5/5
  2710 | D:3      | Found an ancient bone altar of Kikubaaqudgha.
  2844 | D:4      | Reached skill level 5 in Fighting
  2892 | D:4      | Noticed Dowan
  2896 | D:4      | Noticed Duvessa
  2923 | D:4      | Killed Duvessa
  2924 | D:4      | Reached skill level 4 in Long Blades
  2924 | D:4      | Reached XP level 6. HP: 15/51 MP: 6/6
  2929 | D:4      | Killed Dowan
  2964 | D:4      | HP: 13/52 [scorpion (4)]
  2971 | D:4      | Reached skill level 6 in Fighting
  3162 | D:4      | Reached skill level 5 in Long Blades
  3162 | D:4      | Reached XP level 7. HP: 57/58 MP: 7/7
  3166 | D:4      | You pick up a book of Callings and begin reading...
  3166 | D:4      | You add the spells Summon Small Mammal, Call Canine
                  | Familiar and Summon Guardian Golem to your library.
  3221 | D:4      | Found a transporter.
  3234 | D:4      | Noticed FizzleBangTC's ghost (amateur MeEE)
  3376 | D:4      | Noticed Pikel
  3376 | D:4      | Noticed Blork the orc
  3377 | D:4      | Found a transporter.
  3395 | D:4      | Killed Blork the orc
  3422 | D:4      | You fall into a shaft and drop 3 floors!
  3422 | D:7      | Found Ilatoh's Antique Armour Shoppe.
  3570 | D:7      | Noticed a steam dragon
  3578 | D:7      | Noticed a yak
  3578 | D:7      | Noticed a yak
  3579 | D:7      | Noticed a yak
  3597 | D:8      | HP: 11/59 [yak (7)]
  3602 | D:8      | Killed a yak
  3874 | D:6      | Found a basalt altar of Yredelemnul.
  3895 | D:6      | Reached skill level 7 in Fighting
  3902 | D:5      | Entered Level 5 of the Dungeon
  3931 | D:5      | Reached skill level 6 in Long Blades
  3936 | D:5      | Found a runed translucent door.
  3997 | D:5      | Reached XP level 8. HP: 35/67 MP: 8/8
  4061 | D:5      | Noticed Bediveer's ghost (novice KoHu)
  4719 | D:4      | HP: 17/68 [disintegration (12)]
  4724 | D:4      | HP: 8/68 [Pikel/+2 whip of freezing (9)]
  4727 | D:4      | Killed Pikel
  4728 | D:4      | Reached skill level 8 in Fighting
  4728 | D:4      | Reached skill level 7 in Long Blades
  4728 | D:4      | Reached XP level 9. HP: 9/75 MP: 9/9
  4915 | D:5      | Reached skill level 9 in Fighting
  5114 | D:5      | Reached skill level 8 in Long Blades
  5191 | D:6      | Noticed Grinder
  5215 | D:6      | Killed Grinder
  5461 | D:6      | Found a hide-covered altar of Uskayaw.
  5541 | D:6      | Reached skill level 10 in Fighting
  5580 | D:6      | Reached skill level 9 in Long Blades
  5683 | D:6      | Found a hazy altar of Hepliaklqana.
  5824 | D:6      | You add the spells Gell's Gravitas, Teleport Other and
                  | Dispersal to your library.
  6036 | D:6      | Found a burning altar of Makhleb.
  6122 | D:6      | Became a worshipper of Hepliaklqana the Forgotten
  6323 | D:7      | Reached XP level 10. HP: 75/86 MP: 10/10
  6346 | D:7      | Reached skill level 11 in Fighting
  6356 | D:7      | Reached skill level 10 in Long Blades
  6394 | D:7      | Bought a masterwork kite shield for 237 gold pieces
  6394 | D:7      | Identified the +1 kite shield "Eshacvoh" {Dex+4} (You
                  | bought it in a shop on level 7 of the Dungeon)
  6411 | D:7      | Found a runed translucent door.
  6413 | D:7      | Noticed FizzleBangTC's ghost (amateur MeEE)
  6630 | D:7      | Found a staircase to the Ecumenical Temple.
  6642 | Temple   | Entered the Ecumenical Temple
  6668 | D:7      | You pick up a book of Blood and begin reading...
  6668 | D:7      | You add the spells Sublimation of Blood, Wereblood and
                  | Summon Hydra to your library.
  6859 | D:7      | Identified a scroll of acquirement
  7087 | D:8      | Reached * piety under Hepliaklqana
  7141 | D:8      | Noticed a two-headed ogre
  7198 | D:8      | Killed a two-headed ogre
  7384 | D:8      | Reached skill level 12 in Fighting
  7476 | D:8      | You pick up a book of Flames and begin reading...
  7476 | D:8      | You add the spells Inner Flame and Flame Wave to your
                  | library.
  7645 | D:8      | Reached skill level 11 in Long Blades
  7884 | D:9      | Noticed a centaur warrior
  7897 | D:9      | Killed a centaur warrior
  7898 | D:9      | Reached XP level 11. HP: 77/85 MP: 11/11
  7934 | D:9      | Reached skill level 12 in Long Blades
  8044 | D:9      | Found a staircase to the Orcish Mines.
  8210 | D:9      | Reached skill level 13 in Long Blades
  8263 | D:9      | Identified the +11 short sword of the Crypt {protect, rF+
                  | Int+4}
  8345 | D:9      | Reached ** piety under Hepliaklqana
  8356 | D:9      | Found a shimmering blue altar of Sif Muna.
  8561 | D:9      | Remembered your ancestor Shedsur as a hexer
  8646 | D:10     | Entered Level 10 of the Dungeon
  8695 | D:10     | Noticed a skeletal warrior
  8818 | D:10     | You pick up a book of the Tundra and begin reading...
  8818 | D:10     | You add the spells Hailstorm, Ice Form and Simulacrum to
                  | your library.
  8865 | D:10     | Noticed a skeletal warrior
  8876 | D:10     | Noticed a skeletal warrior
  8877 | D:10     | Killed a skeletal warrior
  8880 | D:10     | Noticed a skeletal warrior
  8908 | D:9      | HP: 19/85 [skeletal warrior/+0 scimitar (6)]
  8909 | D:9      | Killed a skeletal warrior
  8910 | D:9      | Reached skill level 14 in Long Blades
  9057 | D:10     | Reached skill level 5 in Shields
  9080 | D:10     | Killed a skeletal warrior
  9081 | D:10     | Reached skill level 6 in Shields
  9162 | D:10     | Found a shimmering altar of Xom.
  9183 | D:10     | Killed a skeletal warrior
  9184 | D:10     | Reached skill level 7 in Shields
  9483 | D:10     | Found a staircase to the Lair.
  9569 | D:11     | Noticed a two-headed ogre
  9574 | D:11     | Killed a two-headed ogre
  9575 | D:11     | Reached skill level 8 in Shields
  9575 | D:11     | Reached XP level 12. HP: 76/91 MP: 12/12
  9601 | D:11     | Noticed a two-headed ogre
  9607 | D:11     | Killed a two-headed ogre
  9608 | D:11     | Reached skill level 9 in Shields
  9612 | D:11     | Identified the +5 quarterstaff of the Pits of Slime
                  | {vorpal, *Rage rElec rC+}
  9689 | D:11     | Reached skill level 10 in Shields
  9715 | D:11     | Noticed a boulder beetle
  9735 | D:11     | Killed a boulder beetle
  9905 | D:11     | Noticed a skeletal warrior
  9905 | D:11     | Noticed a skeletal warrior
  9905 | D:11     | Noticed a skeletal warrior
  9905 | D:11     | Noticed a skeletal warrior
  9905 | D:11     | Noticed a skeletal warrior
 10104 | Lair:1   | Entered Level 1 of the Lair of Beasts
 10165 | Lair:1   | Reached skill level 11 in Shields
 10380 | Lair:1   | Reached skill level 12 in Shields
 11002 | Lair:2   | Noticed Gastronok
 11013 | Lair:2   | Killed Gastronok
 11014 | Lair:2   | Reached skill level 13 in Shields
 11024 | Lair:2   | Identified the +2 leather armour of the Four of Cups {rElec
                  | Stlth+}
 11034 | Lair:2   | Noticed a six-headed hydra
 11039 | Lair:2   | Killed a four-headed hydra
 11075 | Lair:2   | Reached *** piety under Hepliaklqana
 11139 | Lair:2   | Found a staircase to the Shoals.
 11143 | Lair:2   | Reached skill level 14 in Shields
 11158 | Lair:2   | Reached XP level 13. HP: 97/97 MP: 13/13
 11219 | Lair:2   | Identified the +1 scale mail "Pebaoluo" {rElec MP+9 SInv}
 11361 | Lair:2   | Found a hole to the Spider Nest.
 11374 | Lair:2   | Reached skill level 15 in Shields
 11379 | Lair:2   | Reached skill level 1 in Invocations
 11631 | Lair:2   | Reached skill level 2 in Invocations
 11635 | Lair:2   | Reached skill level 4 in Armour
 11667 | Lair:2   | Reached skill level 3 in Invocations
 12059 | Lair:3   | Reached skill level 5 in Armour
 12062 | Lair:3   | Reached skill level 4 in Invocations
 12080 | Lair:3   | You pick up a book of the Moon and begin reading...
 12080 | Lair:3   | You add the spells Passage of Golubria, Silence and
                  | Lehudib's Crystal Spear to your library.
 12312 | Lair:3   | Noticed a catoblepas
 12312 | Lair:3   | Noticed a catoblepas
 12332 | Lair:3   | Found a runed translucent door.
 12348 | Lair:3   | Reached skill level 5 in Invocations
 12350 | Lair:3   | Reached skill level 6 in Armour
 12408 | Lair:3   | Killed a catoblepas
 12409 | Lair:3   | Reached skill level 6 in Invocations
 12409 | Lair:3   | Killed a catoblepas
 12417 | Lair:3   | Identified the +1 leather armour of Love and Death
                  | {*Corrode rElec Regen+}
 12422 | Lair:3   | You pick up a book of Iron and begin reading...
 12422 | Lair:3   | You add the spells Animate Armour, Blade Hands and Iron
                  | Shot to your library.
 12513 | Lair:4   | Reached skill level 7 in Armour
 12530 | Lair:4   | Found a viscous altar of Jiyva.
 12530 | Lair:4   | Found a staircase to the Slime Pits.
 12720 | Lair:4   | Reached **** piety under Hepliaklqana
 12749 | Lair:4   | Reached skill level 7 in Invocations
 13281 | Lair:5   | Entered Level 5 of the Lair of Beasts
 13289 | Lair:5   | Reached skill level 8 in Armour
 13399 | Lair:5   | Reached skill level 8 in Invocations
 13656 | Lair:5   | Reached XP level 14. HP: 75/103 MP: 20/20
 13811 | Lair:5   | Reached skill level 9 in Armour
 13811 | Lair:5   | Reached skill level 9 in Invocations
 14084 | Lair:5   | Reached skill level 10 in Invocations
 14119 | Lair:5   | Reached skill level 10 in Armour
 14124 | Lair:5   | Noticed a dire elephant
 14138 | Lair:5   | Killed a dire elephant
 14155 | Lair:5   | You pick up a book of Power and begin reading...
 14439 | Lair:5   | Identified the +4 mace of Sloth {drain, Int+7}
 14838 | D:12     | Reached skill level 11 in Invocations
 15123 | D:12     | Reached ***** piety under Hepliaklqana
 15341 | D:12     | Found a runed translucent gate.
 15341 | D:12     | Found a runed translucent gate.
 15341 | D:12     | Found a runed translucent gate.
 15341 | D:12     | Noticed an acid blob
 15341 | D:12     | Noticed a rockslime
 15341 | D:12     | Noticed ragingrage's ghost (journeyman DsWr)
 15341 | D:12     | Noticed a rockslime
 15341 | D:12     | Noticed an azure jelly
 15342 | D:12     | Noticed an acid blob
 15342 | D:12     | Noticed an acid blob
 15344 | D:12     | Noticed an azure jelly
 15351 | D:12     | Found a viscous altar of Jiyva.
 15388 | D:12     | Reached skill level 11 in Armour
 15563 | D:13     | You pick up a book of Fire and begin reading...
 15563 | D:13     | You add the spells Foxfire, Fireball and Starburst to your
                  | library.
 16164 | D:13     | Found a white marble altar of Elyvilon.
 16184 | D:13     | Reached skill level 12 in Invocations
 16531 | D:13     | Identified the +5 mace of Governance {venom, *Corrode rPois
                  | Dex+5}
 16846 | D:14     | Noticed Lodul
 17037 | D:14     | Reached XP level 15. HP: 87/108 MP: 24/24
 17072 | D:14     | Killed Lodul
 17073 | D:14     | Reached skill level 12 in Armour
 17528 | D:14     | Reached skill level 13 in Invocations
 17566 | D:14     | Found a gate to the Vaults.
 17875 | D:15     | Entered Level 15 of the Dungeon
 17890 | D:15     | Reached skill level 13 in Armour
 18061 | D:15     | Reached skill level 14 in Invocations
 18246 | D:15     | HP: 16/108 [ettin/+0 dire flail (21)]
 18258 | D:15     | HP: 8/108 [centaur warrior/arrow (22)]
 18325 | D:15     | magus.rc [v1.9.6]
 18440 | D:15     | Reached skill level 14 in Armour
 18499 | D:15     | Found a hide-covered altar of Uskayaw.
 18640 | D:15     | Found a staircase to the Depths.
 19021 | Orc:1    | Entered Level 1 of the Orcish Mines
 19026 | Orc:1    | Reached skill level 15 in Invocations
 19046 | Orc:1    | HP: 15/108 [sun demon[an orc high priest] (16)]
 19046 | Orc:1    | Slain by a sun demon

Vanquished Creatures
  A dire elephant (Lair:5)
  An ettin (D:15)
  A vault guard (D:14)
  4 catoblepae
  A hydra (Lair:5)
  3 boulder beetles
  4 centaur warriors
  3 two-headed ogres
  3 tengu warriors (D:15)
  3 death yaks (Lair:5)
  6 skeletal warriors
  Lodul (D:14)
  A deep troll (D:15)
  3 wizards
  An orb spider (Lair:2)
  Pikel (D:4)
  5 ugly things (D:15)
  5 cyclopes
  2 manticores (D:15)
  A black mamba (shapeshifter) (D:14)
  3 merfolk sirens (Lair:2)
  2 black mambas
  2 elephants (Lair:5)
  5 cane toads
  2 kobold demonologists
  A gargoyle (D:12)
  7 komodo dragons
  3 efreet
  A freezing wraith (D:15)
  2 tengu conjurers
  3 rime drakes (Lair:3)
  3 trolls
  A polar bear (Lair:4)
  A queen bee (Lair:2)
  Grinder (D:6)
  A hornet (D:11)
  6 blink frogs
  10 slime creatures
  A dream sheep (Lair:5)
  2 wraiths
  A wyvern (D:10)
  40 yaks
  A shadow (D:10)
  5 basilisks
  15 humans (D:14)
  A steam dragon (D:7)
  11 water moccasins
  An acid dragon (D:12)
  Duvessa (D:4)
  3 orc warriors
  2 sky beasts
  4 black bears
  2 centaurs
  7 ogres
  5 wolves (Lair:5)
  A phantom (D:5)
  2 kobold brigands
  2 lemures (D:4)
  5 bullfrogs
  3 necrophages
  3 scorpions
  Blork the orc (D:4)
  3 gnoll sergeants
  4 wights (D:9)
  Dowan (D:4)
  28 killer bees
  3 electric eels
  7 howler monkeys
  2 crimson imps
  5 hounds
  3 jellies
  2 orc priests (D:9)
  A gnoll bouda (D:8)
  Jessica (D:2)
  4 iguanas
  7 orc wizards
  9 hell rats
  14 gnolls
  2 river rats (Lair:5)
  8 adders
  2 shadow imps
  A white imp (D:4)
  2 worms
  3 dart slugs
  24 orcs
  2 ball pythons
  4 endoplasms
  4 giant cockroaches
  6 hobgoblins
  2 jackals (D:5)
  26 kobolds
  2 quokkas
  4 bats
  4 frilled lizards
  8 goblins
  17 rats
  A butterfly (Lair:5)
439 creatures vanquished.

Vanquished Creatures (collateral kills)
  Gastronok (Lair:2)
  3 vault guards (D:14)
  A catoblepas (D:13)
  A hydra (Lair:2)
  A centaur warrior (D:15)
  A deep troll shaman (Lair:5)
  2 two-headed ogres (D:11)
  A death yak (Lair:5)
  A skeletal warrior (D:13)
  A necromancer (D:14)
  A deep elf pyromancer (D:15)
  4 ugly things (D:15)
  2 cyclopes
  A manticore (D:15)
  A merfolk siren (Lair:2)
  An elephant (Lair:3)
  2 black mambas
  A cane toad (Lair:2)
  A torpor snail (Lair:5)
  2 kobold demonologists (D:12)
  2 rime drakes
  A troll (D:12)
  2 blink frogs
  2 dream sheep (Lair:5)
  4 slime creatures
  5 yaks
  5 humans (D:14)
  A warg (Orc:1)
  An acid dragon (D:12)
  A water moccasin (D:9)
  3 ogres (D:14)
  A gnoll sergeant (D:9)
  A bullfrog (D:8)
  A wight (D:9)
  4 killer bees (Lair:2)
  An electric eel (Lair:3)
  2 howler monkeys
  A hell rat (Lair:4)
  3 gnolls
  A river rat (Lair:5)
  2 orcs
  A kobold (D:10)
  A rat (Lair:5)
  A butterfly (Lair:5)
76 creatures vanquished.

Vanquished Creatures (others)
  3 ancestors
  11 hexers
  13 fungi
  24 plants
  6 toadstools (Lair:3)
57 creatures vanquished.

Grand Total: 572 creatures vanquished

Table legend:
 A = Non-vault XP
 B = Vault XP
 C = Vault XP percentage of total XP
 D = Non-vault monster count
 E = Vault monster count
 F = Vault count percentage of total count
                 A         B        C        D         E       F
            +---------+---------+-------+---------+---------+-------
      Total |   69041 |   35810 |  34.2 |     380 |     131 |  25.6
            +---------+---------+-------+---------+---------+-------
        D:1 |      26 |       0 |   0.0 |      18 |       0 |   0.0
        D:2 |      38 |      62 |  62.0 |      14 |       8 |  36.4
        D:3 |      50 |       0 |   0.0 |      16 |       0 |   0.0
        D:4 |     315 |    1013 |  76.3 |      15 |       7 |  31.8
        D:5 |     534 |       0 |   0.0 |      13 |       0 |   0.0
        D:6 |     972 |     327 |  25.2 |      18 |       2 |  10.0
        D:7 |    1931 |       0 |   0.0 |      20 |       0 |   0.0
        D:8 |    1602 |       0 |   0.0 |      20 |       0 |   0.0
        D:9 |    4209 |       0 |   0.0 |      44 |       0 |   0.0
       D:10 |    4329 |       0 |   0.0 |      23 |       0 |   0.0
       D:11 |    3332 |       0 |   0.0 |       9 |       0 |   0.0
       D:12 |    6900 |       0 |   0.0 |      37 |       0 |   0.0
       D:13 |    8867 |       0 |   0.0 |      19 |       0 |   0.0
       D:14 |    2916 |    9750 |  77.0 |       6 |      33 |  84.6
       D:15 |   14823 |    4263 |  22.3 |      29 |       6 |  17.1
     Lair:1 |    2690 |       0 |   0.0 |      13 |       0 |   0.0
     Lair:2 |    3106 |    5870 |  65.4 |      11 |      32 |  74.4
     Lair:3 |     344 |    5254 |  93.9 |       4 |      11 |  73.3
     Lair:4 |    4981 |     674 |  11.9 |      28 |       3 |   9.7
     Lair:5 |    6293 |    8597 |  57.7 |      20 |      29 |  59.2
      Orc:1 |     783 |       0 |   0.0 |       3 |       0 |   0.0
            +---------+---------+-------+---------+---------+-------

Illustrated notes

Table legend:
 A = Kills in this place as a percentage of kills in entire the game.
 B = Kills by you in this place as a percentage of kills by you in the entire game.
 C = Kills by friends in this place as a percentage of kills by friends in the entire game.
 D = Other kills in this place as a percentage of other kills in the entire game.
 E = Experience gained in this place as a percentage of experience gained in the entire game.
 F = Experience gained in this place divided by the number of levels of this place that you have seen.
                   A       B       C       D       E      F
               +-------+-------+-------+-------+-------+----------------------
         Total | 100.0 | 100.0 | 100.0 | 100.0 | 100.0 | 4766.0
       Dungeon |  69.9 |  71.2 |  62.7 |  66.7 |  63.2 | 4417.3
          Lair |  29.5 |  28.6 |  34.7 |  33.3 |  36.1 | 7561.8
  Orcish Mines |   0.6 |   0.2 |   2.7 |   0.0 |   0.7 | 783.0
               +-------+-------+-------+-------+-------+----------------------

Table legend: (Time is in decaauts)
 A = Elapsed time spent in this place.
 B = Non-inter-level travel time spent in this place.
 C = Inter-level travel time spent in this place.
 D = Time resting spent in this place.
 E = Time spent auto-exploring this place.
 F = Levels seen in this place.
 G = Mean time per level.
                   A        B        C        D        E       F      G
               +--------+--------+--------+--------+--------+-----+--------+
         Total |  18897 |  17723 |   1174 |   1330 |  12032 |  22 |  859.0 |
       Dungeon |  14334 |  13469 |    865 |   1319 |   8736 |  15 |  955.6 |
        Temple |     20 |     16 |      4 |      0 |     10 |   1 |   20.0 |
          Lair |   4521 |   4216 |    305 |     11 |   3286 |   5 |  904.2 |
  Orcish Mines |     20 |     20 |      0 |      0 |      0 |   1 |   20.0 |
               +--------+--------+--------+--------+--------+-----+--------+

Top non-repeatable levels by time:
     D:4: 1288 daAuts
     D:2: 1270 daAuts
  Lair:5: 1240 daAuts
    D:13: 1149 daAuts
    D:12: 1104 daAuts
     D:9: 1084 daAuts
     D:6: 1083 daAuts
     D:7: 1064 daAuts
     D:8: 1023 daAuts
    D:15: 984 daAuts
  Lair:2: 938 daAuts
     D:1: 857 daAuts
    D:10: 848 daAuts
    D:14: 831 daAuts
  Lair:1: 813 daAuts
